 Dungeon Crawl Stone Soup version 0.17-a0-1887-g3e50df6 (webtiles) character file.

31410 dpvblackbelt the Covert (level 13, -11/89 HPs)
             Began as a Halfling Assassin on Sept 24, 2015.
             Was the Champion of Dithmenos.
             Killed from afar by Azrael (50 damage)
             ... with a bolt of fire
             ... on level 12 of the Dungeon.
             The game lasted 01:53:30 (22949 turns).

dpvblackbelt the Covert (Halfling Assassin)        Turns: 22949, Time: 01:53:30

Health: -11/89     AC: 15    Str: 11    XL:     13   Next: 96%
Magic:  17/17      EV: 19    Int: 10    God:    Dithmenos [******]
Gold:   1103       SH:  0    Dex: 21    Spells: 4 memorised, 1 level left

rFire  . . .     SeeInvis +     b - +10 shortbow "Newtbane" {venom, rElec}
rCold  + + .     Clarity  .     o - +4 robe of Night {+Inv MR+ SInv Stlth+}
rNeg   . . .     SustAt   .     (shield restricted)
rPois  .         Gourm    .     y - +2 hat {SInv}
rElec  +         Spirit   .     W - +2 cloak
rCorr  .         Warding  .     k - +0 pair of gloves
rMut   .         Stasis   .     u - +2 pair of boots
MR     +....                    (no amulet)
Stlth  ++++++++++               e - +2 ring of slaying
                                p - ring of protection from cold {rC+, !d}

@: wreathed by umbra, somewhat resistant to hostile enchantments, uncannily
stealthy
A: blurry vision 1, cold resistance 1, mutation resistance 1
a: Shadow Step, Shadow Form, Renounce Religion, Evoke Invisibility


You were on level 12 of the Dungeon.
You worshipped Dithmenos.
Dithmenos was exalted by your worship.
You were not hungry.

You visited 3 branches of the dungeon, and saw 20 of its levels.
You also visited: Labyrinth and Volcano.

You collected 2287 gold pieces.
You spent 1184 gold pieces at shops.

Inventory:

Hand weapons
 a - a +1 quick blade
   (You found it in a labyrinth)
 b - the +10 shortbow "Newtbane" (weapon) {venom, rElec}
   (You found it in a labyrinth)

   It poisons the ammo it fires.
   It insulates you from electricity.
 d - a +0 blowgun
Missiles
 t - 14 arrows of dispersal {=f}
 Q - 2 needles of sleeping
 V - 111 arrows (quivered)
Armour
 j - a +0 fire dragon armour {rF++, rC-}
   (You found it in a volcano)
 k - a +0 pair of gloves (worn)
   (You found it on level 1 of the Dungeon)
 o - the +4 robe of Night (worn) {+Inv MR+ SInv Stlth+}
   (You bought it in a shop on level 4 of the Orcish Mines)

   It affects your resistance to hostile enchantments.
   It lets you see invisible.
   It lets you turn invisible.
   It makes you more stealthy.
 r - the +0 Maxwell's etheric cage {RegenMP *Contam rElec MP+4}
   (You found it in a labyrinth)

   It insulates you from electricity.
   It affects your magic capacity (+4).
   It causes magical contamination when unequipped.
 u - a +2 pair of boots (worn)
   (You found it on level 10 of the Dungeon)
 y - a +2 hat of see invisible (worn)
   (You took it off Gastronok on level 1 of the Lair of Beasts)
 W - a +2 cloak (worn)
   (You found it on level 8 of the Dungeon)
Jewellery
 e - a +2 ring of slaying (right hand)
   (You found it on level 2 of the Lair of Beasts)
 p - a ring of protection from cold (left hand) {rC+, !d}
   (You found it on level 2 of the Dungeon)
 s - an uncursed ring of flight {+Fly, !d}
   (You found it on level 2 of the Dungeon)
 x - an uncursed ring of positive energy {rN+}
   (You found it on level 9 of the Dungeon)
Magical devices
 U - a wand of disintegration (4)
   (You found it on level 7 of the Dungeon)
 Y - a wand of polymorph (18)
   (You found it on level 11 of the Dungeon)
 Z - a wand of cold (9)
   (You found it on level 11 of the Dungeon)
Scrolls
 c - 2 scrolls of silence
 h - 2 scrolls of fog
 i - 9 scrolls of identify
 m - 3 scrolls of magic mapping {!r}
 n - 5 scrolls of recharging
 A - 3 scrolls of blinking {!r}
 B - a scroll of enchant weapon
 C - 2 scrolls of enchant armour
 J - 4 scrolls of amnesia
 L - 5 scrolls of remove curse
 T - a scroll of summoning {unknown}
Potions
 q - 2 potions of flight
 v - a potion of might
 D - a potion of agility
 E - 3 potions of brilliance
 G - 2 potions of curing
 K - a potion of resistance
Books
 z - a book of Summonings
   (You found it on level 5 of the Dungeon)
 I - a book of Spatial Translocations
   (You found it in a labyrinth)
 P - a book of Death
   (You found it on level 5 of the Dungeon)
 S - a book of Necromancy
   (You found it on level 7 of the Dungeon)
Miscellaneous
 H - a fan of gales
   (You found it on level 13 of the Dungeon)
 N - a phantom mirror
 X - a sack of spiders
   (You found it in a labyrinth)
Comestibles
 g - 5 bread rations {@e1@e1}
 l - 5 meat rations {@e2@e2}
 O - 11 royal jellies


   Skills:
 - Level 8.4 Fighting
 - Level 11.2 Short Blades
 - Level 7.1 Bows
 - Level 2.6 Throwing
 - Level 5.4 Dodging
 - Level 11.4 Stealth
 - Level 9.1 Charms
 + Level 9.2 Necromancy
 - Level 5.1 Translocations
 - Level 5.5 Invocations


You had one spell level left.
You knew the following spells:

 Your Spells              Type           Power        Failure   Level  Hunger
a - Excruciating Wounds   Chrm/Necr      ###.......   28%         5    ######.
b - Blink                 Tloc           N/A          10%         2    ###....
c - Portal Projectile     Tloc           ##....       14%         3    ####...
g - Apportation           Tloc           ##........   6%          1    ##.....


Dungeon Overview and Level Annotations

Branches:
Dungeon (13/15)            Temple (0/1) D:5            Lair (3/8) D:8
 Shoals (0/4) Lair:3          Orc (4/4) D:12            Elf (0/3) Orc:3
  Snake: Lair:3-6    Spider: Lair:3-6    Vaults: D:13-14

Altars:
Ashenzari
Dithmenos
Elyvilon
Gozag
Makhleb
Nemelex Xobeh
Okawaru
Qazlal
Trog
Vehumet
Yredelemnul
Zin
The Shining One
Beogh

Shops:
D:5 }   D:8 ?   D:10 (   Orc:2 %   Orc:4 ([

Annotations:
D:12 Azrael
Lair:2 exclusion: killer bee
Lair:3 Sonja


Innate Abilities, Weirdness & Mutations

You are small and have problems with some larger weapons.
You are somewhat resistant to further mutation.
Scrolls take you a little longer to read.
Your flesh is cold resistant.


Message History

Your shadow shoots an arrow.
The arrow hits the yak!
The yak looks even sicker.
The arrow disappears in a puff of smoke!
Aim: a yak (heavily wounded, poisoned, umbra)
You shoot an arrow.
The arrow hits the yak but does no damage.
You hear a splash.
Aim: a yak (umbra)
You shoot an arrow. The arrow barely misses the yak.
Aim: a yak (umbra)
You shoot an arrow. The arrow hits the yak.
The yak is poisoned.
You hear a splash.
Your shadow shoots an arrow.
The arrow hits the yak!
The yak looks even sicker.
The arrow disappears in a puff of smoke!
Aim: a yak (heavily wounded, poisoned, umbra)
You shoot an arrow. The arrow hits the yak!
You hear a splash.
Your shadow shoots an arrow.
The arrow hits the yak!
The arrow disappears in a puff of smoke!
Aim: a yak (almost dead, poisoned, umbra)
You shoot an arrow. The arrow hits the yak!
The yak looks even sicker.
You hear a splash.
Your shadow shoots an arrow.
The arrow hits the yak.
The yak looks even sicker.
The arrow disappears in a puff of smoke!
Aim: a yak (almost dead, poisoned, umbra)
You shoot an arrow. The arrow hits the yak!
You kill the yak!
Dithmenos accepts your kill.
You hear a splash.
Your shadow shoots an arrow.
The arrow disappears in a puff of smoke!
Okay, then.
V - 89 arrows (gained 1)
You kill the yak!
Dithmenos accepts your kill.
You enter the shallow water.
Moving in this stuff is going to be slow.
Aim: a yak (almost dead, poisoned, umbra)
You shoot an arrow. The arrow hits the yak!
You kill the yak!
Dithmenos accepts your kill.
You hear a splash.
V - 89 arrows (gained 1)
V - 90 arrows (gained 1)
V - 91 arrows (gained 1)
You enter the shallow water.
Moving in this stuff is going to be slow.
V - 97 arrows (gained 6)
Things that are here:
a yak corpse x2
V - 98 arrows (gained 1)
V - 99 arrows (gained 1)
V - 100 arrows (gained 1)
V - 101 arrows (gained 1)
V - 104 arrows (gained 3)
V - 119 arrows (gained 15) Azrael is too close now for your liking.
Aim: Azrael, wielding a scimitar of flaming (water, hasn't noticed you, umbra)
You shoot an arrow. The arrow hits Azrael!
You hear a splash.
Aim: Azrael, wielding a scimitar of flaming (water, lightly wounded, umbra)
You shoot an arrow. The arrow hits Azrael!
You hear a splash.
Aim: Azrael, wielding a scimitar of flaming (water, moderately wounded, umbra)
You shoot an arrow.
The arrow hits Azrael but does no damage.
Azrael is poisoned.
You hear a splash.
Your shadow shoots an arrow.
The arrow hits Azrael but does no damage.
The arrow disappears in a puff of smoke!
Azrael gestures at you.
The fireball explodes!
The fireball engulfs you!
You emit a cloud of dark smoke.
You hear a bark!
You take 28 damage, and have 61/89 hp.
MASSIVE DAMAGE!!
Aim: Azrael, wielding a scimitar of flaming (black smoke, moderately wounded, poisoned, umbra)
You shoot an arrow. The arrow hits Azrael.
You hear a splash.
Azrael gestures at you. The bolt of fire hits you!
You take 8 damage, and have 53/89 hp.
Aim: Azrael, wielding a scimitar of flaming (black smoke, moderately wounded, poisoned, umbra)
You shoot an arrow. The arrow hits Azrael!
You hear a splash.
Your shadow shoots an arrow.
The arrow hits Azrael!
The arrow disappears in a puff of smoke!
Aim: Azrael, wielding a scimitar of flaming (black smoke, heavily wounded, poisoned, umbra)
You shoot an arrow. The arrow hits Azrael!
Azrael looks even sicker.
Aim: Azrael, wielding a scimitar of flaming (black smoke, severely wounded, poisoned, umbra)
You shoot an arrow. The arrow hits Azrael.
Azrael hits you with a scimitar of flaming!
Azrael burns you.
You take 15 damage, and have 39/89 hp.
Aim: Azrael, wielding a scimitar of flaming (black smoke, severely wounded, poisoned, umbra)
You shoot an arrow. The arrow hits Azrael!
Azrael gestures at you. The bolt of fire hits you!
Ouch! That really hurt!
You die...

≈≈≈≈≈≈###.≈≈≈≈≈≈≈≈≈≈####≈≈≈≈.#.##
≈≈≈≈≈≈# #.#≈≈≈≈≈≈≈≈## #≈≈≈≈≈.#.##
≈≈≈≈≈≈# #.##≈≈≈≈†≈## ##≈≈≈≈.#.#.
≈≈≈≈≈≈# #.###.....### ##≈≈#.#...
≈≈≈≈≈≈# #.# #.......# ######.....
#≈≈≈≈## #.# #.......###≈≈######..
#.# #...§§§§##≈≈≈≈## ##..
#.###..§§§§§#≈≈≈≈≈≈###...
#......§@§§§§............
#####..§.R#§≈≈≈≈≈≈≈≈≈≈...
#...§.(≈≈≈≈≈≈≈≈≈≈≈...
#######≈≈≈≈≈≈≈≈≈≈#...
##≈≈§≈≈≈≈≈##### ##≈≈≈≈≈≈## # ≈≈≈#
# ######≈≈ # #.....#


You could see Azrael.

Vanquished Creatures
  Gastronok (Lair:1)
  Erolcha (D:9)
  An orc high priest (Orc:4)
  3 hill giants
  An orc knight (Orc:3)
  3 toenail golems (Volcano)
  A manticore (D:12)
  2 elephants
  Maurice (D:10)
  A cyclops (D:10)
  A gargoyle (D:10)
  A black mamba (Lair:1)
  2 spiny frogs (Lair:1)
  3 centaur skeletons
  A komodo dragon (Lair:2)
  3 trolls
  A two-headed ogre (D:12)
  A slime creature (D:12)
  A trapdoor spider (D:9)
  Sigmund (D:6)
  A shadow (D:11)
  3 fire elementals (D:12)
  A water elemental (D:12)
  A deep elf mage (D:10)
  15 yaks
  Grum (D:8)
  6 humans (Volcano)
  A steam dragon (D:11)
  5 hungry ghosts
  2 vampire mosquitoes (D:12)
  Menkaure (D:7)
  A mottled dragon (D:12)
  6 hippogriffs
  4 wolves (D:8)
  3 porcupines (Lair:2)
  3 water moccasins
  Duvessa (D:6)
  3 hell hounds (D:12)
  33 orc warriors
  A wasp (D:11)
  An ice beast (D:7)
  2 phantoms
  2 sky beasts
  3 black bears
  13 ogres
  10 centaurs
  13 big kobolds (Orc:2)
  10 giant frogs
  4 crocodiles
  Dowan (D:6)
  2 scorpions
  A water moccasin skeleton (D:11)
  10 wights
  5 crimson imps
  5 electric eels (D:12)
  24 killer bees
  2 hounds
  A giant frog zombie (D:12)
  Crazy Yiuf (D:5)
  6 jellies
  25 orc wizards
  4 centaur zombies
  6 iguanas
  10 worker ants
  A giant frog skeleton (D:7)
  34 orc priests
  2 hound zombies
  A hound skeleton (D:8)
  2 worker ant zombies
  12 adders
  15 gnolls
  29 river rats
  3 shadow imps
  5 oozes (D:12)
  An adder zombie (D:6)
  3 worms
  2 adder skeletons
  9 giant geckos
  200 orcs
  A ball python (D:5)
  5 hobgoblins
  15 kobolds
  5 quokkas
  A ball python skeleton (D:4)
  5 bats
  6 giant cockroaches
  A giant cockroach zombie (D:5)
  A giant gecko zombie (D:7)
  7 giant newts
  12 goblins
  A quokka zombie (D:4)
  9 rats
671 creatures vanquished.

Vanquished Creatures (others)
  A jelly (D:12)
  3 fungi (Lair:3)
  8 plants
12 creatures vanquished.

Grand Total: 683 creatures vanquished

Notes
Turn   | Place    | Note
--------------------------------------------------------------
     0 | D:1      | dpvblackbelt the Halfling Assassin began the quest for the Orb.
     0 | D:1      | Reached XP level 1. HP: 14/14 MP: 1/1
   111 | D:1      | Reached skill level 3 in Short Blades
   248 | D:1      | Reached XP level 2. HP: 19/19 MP: 2/2
   630 | D:2      | Found a shadowy altar of Dithmenos.
   640 | D:2      | Became a worshipper of Dithmenos the Shadowed
   703 | D:2      | Reached skill level 4 in Short Blades
   770 | D:2      | Reached XP level 3. HP: 24/24 MP: 3/3
   805 | D:2      | Found a basalt altar of Yredelemnul.
  1115 | D:2      | Reached skill level 5 in Short Blades
  1226 | D:2      | Reached XP level 4. HP: 27/29 MP: 4/4
  1354 | D:3      | Found a sparkling altar of Nemelex Xobeh.
  1659 | D:3      | Found a shattered altar of Ashenzari.
  1883 | D:3      | Found an iron altar of Okawaru.
  1994 | D:3      | Reached skill level 6 in Short Blades
  1994 | D:3      | Reached XP level 5. HP: 24/34 MP: 5/5
  2395 | D:3      | Reached skill level 7 in Short Blades
  2407 | D:3      | Noticed an orc warrior
  2419 | D:3      | Killed an orc warrior
  2419 | D:3      | Reached skill level 8 in Short Blades
  2419 | D:3      | Reached XP level 6. HP: 13/39 MP: 6/6
  3208 | D:3      | Reached skill level 9 in Short Blades
  3208 | D:3      | Reached XP level 7. HP: 44/44 MP: 7/7
  3840 | D:4      | Acquired Dithmenos's first power
  4221 | D:4      | Found a white marble altar of Elyvilon.
  4221 | D:4      | Found a glowing silver altar of Zin.
  4221 | D:4      | Found a glowing golden altar of the Shining One.
  4239 | D:5      | Entered Level 5 of the Dungeon
  4302 | D:5      | Found Kutyonk's Gadget Boutique.
  4325 | D:5      | Reached skill level 10 in Short Blades
  4466 | D:5      | Noticed Crazy Yiuf
  4482 | D:5      | Killed Crazy Yiuf
  4553 | D:5      | Reached XP level 8. HP: 49/49 MP: 8/8
  4614 | D:5      | Gained mutation: Your flesh is cold resistant. [mutagenic meat]
  4624 | D:5      | Reached skill level 11 in Short Blades
  4714 | D:5      | Learned a level 5 spell: Excruciating Wounds
  4720 | D:5      | Reached skill level 1 in Invocations
  4989 | D:5      | Found a stormy altar of Qazlal.
  4989 | D:5      | Found a bloodstained altar of Trog.
  5101 | D:5      | Reached skill level 2 in Invocations
  5106 | D:5      | Found a staircase to the Ecumenical Temple.
  5194 | D:5      | Found a burning altar of Makhleb.
  5212 | D:6      | Noticed Duvessa
  5212 | D:6      | Noticed Dowan
  5213 | D:6      | Killed Duvessa
  5213 | D:6      | Reached skill level 3 in Invocations
  5225 | D:6      | Killed Dowan
  5252 | D:6      | Reached skill level 4 in Invocations
  5380 | D:6      | Noticed Sigmund
  5404 | D:6      | Killed Sigmund
  5404 | D:6      | Reached skill level 5 in Invocations
  5722 | D:6      | Reached skill level 5 in Stealth
  6068 | D:6      | Reached XP level 9. HP: 54/54 MP: 13/13
  6128 | D:6      | Reached skill level 6 in Stealth
  6359 | D:6      | Reached skill level 7 in Stealth
  6773 | D:7      | Reached skill level 8 in Stealth
  6822 | D:7      | Acquired Dithmenos's second power
  6862 | D:7      | Noticed Menkaure
  6865 | D:7      | Killed Menkaure
  6865 | D:7      | Reached skill level 9 in Stealth
  7099 | D:7      | Found an opulent altar of Gozag.
  7101 | D:7      | Found a radiant altar of Vehumet.
  7283 | D:7      | Reached skill level 10 in Stealth
  7329 | D:8      | Found a staircase to the Lair.
  7329 | D:8      | Noticed an elephant
  7344 | D:8      | Killed an elephant
  7344 | D:8      | Reached skill level 11 in Stealth
  7344 | D:8      | Reached XP level 10. HP: 60/60 MP: 14/14
  7353 | D:8      | Found Fyri's Magic Scroll Shoppe.
  7432 | D:8      | Bought a scroll of magic mapping for 38 gold pieces
  7432 | D:8      | Bought a scroll of silence for 82 gold pieces
  7432 | D:8      | Bought a scroll of fear for 38 gold pieces
  7432 | D:8      | Bought a scroll of teleportation for 33 gold pieces
  7432 | D:8      | Bought a scroll of recharging for 104 gold pieces
  7432 | D:8      | Bought a scroll of amnesia for 38 gold pieces
  7475 | Lair:1   | Entered Level 1 of the Lair of Beasts
  7486 | Lair:1   | Noticed Gastronok
  7502 | Lair:2   | Reached skill level 2 in Fighting
  7508 | Lair:2   | Reached skill level 2 in Dodging
  7638 | Lair:2   | Reached skill level 3 in Dodging
  7677 | Lair:2   | Reached skill level 3 in Fighting
  7684 | Lair:2   | HP: 10/63 [porcupine (12)]
  7821 | Lair:2   | Reached skill level 4 in Dodging
  8075 | Lair:2   | Noticed an elephant
  8091 | Lair:2   | Noticed an elephant
  8250 | Lair:2   | Noticed an elephant
  8293 | Lair:3   | Reached skill level 4 in Fighting
  8317 | Lair:3   | Found a labyrinth entrance.
  8326 | Lab      | Entered a labyrinth
  8562 | Lab      | Reached skill level 5 in Dodging
  8662 | Lab      | Noticed a minotaur
  8667 | Lab      | HP: 12/65 [minotaur/iron rod (25)]
  8669 | Lab      | Got an ivory shortbow
  8669 | Lab      | Got a scorched ring mail
  8890 | Lair:3   | Noticed Sonja
  8893 | Lair:3   | Noticed a griffon
  8899 | Lair:3   | Identified the +1 ring mail of Philately {rN+} (You found it in a labyrinth)
  8903 | Lair:3   | Identified the +10 shortbow "Newtbane" {venom, rElec} (You found it in a labyrinth)
  8979 | Lair:3   | Found a staircase to the Shoals.
  8979 | Lair:3   | Noticed a manticore
  8979 | Lair:3   | Noticed a griffon
  8989 | Lair:3   | HP: 16/65 [poisoned by a water moccasin]
  8994 | Lair:3   | HP: 12/65 [poisoned by a water moccasin]
  9000 | Lair:3   | HP: 10/65 [poisoned by a water moccasin]
  9008 | Lair:3   | HP: 9/65 [poisoned by a water moccasin]
  9016 | Lair:3   | HP: 8/65 [poisoned by a water moccasin]
  9309 | Lair:3   | Reached skill level 5 in Fighting
  9576 | Lair:2   | Reached XP level 11. HP: 69/72 MP: 15/15
  9689 | Lair:1   | HP: 17/72 [elephant (14)]
  9694 | Lair:1   | HP: 9/72 [elephant (9)]
  9705 | Lair:1   | Killed an elephant
  9705 | Lair:1   | Reached skill level 6 in Fighting
 10053 | Lair:1   | Killed Gastronok
 10053 | Lair:1   | Reached skill level 8 in Fighting
 10311 | Lair:1   | Noticed a black mamba
 10314 | Lair:1   | Killed a black mamba
 10314 | Lair:1   | Reached skill level 2 in Charms
 10405 | Lair:1   | Noticed a spiny frog
 10439 | Lair:1   | Acquired Dithmenos's third power
 10478 | Lair:1   | Killed a spiny frog
 10478 | Lair:1   | Reached skill level 3 in Charms
 10635 | Lair:1   | Noticed a spiny frog
 10640 | Lair:1   | Killed a spiny frog
 10640 | Lair:1   | Reached skill level 4 in Charms
 10929 | D:8      | Reached skill level 5 in Charms
 11213 | D:8      | Noticed Grum
 11228 | D:8      | Killed Grum
 11234 | D:8      | Reached skill level 6 in Charms
 11489 | D:9      | Noticed Erolcha
 11497 | D:9      | Killed Erolcha
 11497 | D:9      | Reached skill level 7 in Charms
 11560 | D:9      | Reached XP level 12. HP: 84/84 MP: 16/16
 12238 | D:10     | Entered Level 10 of the Dungeon
 12300 | D:9      | Reached skill level 8 in Charms
 12839 | D:10     | You fall through a shaft for 2 floors!
 12839 | D:12     | Found a staircase to the Orcish Mines.
 13019 | D:13     | Noticed a vault guard
 13033 | D:13     | Reached skill level 9 in Charms
 13114 | Orc:1    | Entered Level 1 of the Orcish Mines
 13292 | Orc:1    | Reached skill level 1 in Necromancy
 13314 | Orc:1    | Found a roughly hewn altar of Beogh.
 13636 | Orc:1    | Reached skill level 2 in Necromancy
 14155 | Orc:2    | Acquired Dithmenos's fourth power
 14155 | Orc:2    | Reached skill level 1 in Bows
 14229 | Orc:2    | Reached skill level 2 in Bows
 14427 | Orc:2    | Reached skill level 3 in Bows
 14440 | Orc:2    | Reached skill level 4 in Bows
 14770 | Orc:3    | Found a dark tunnel.
 14779 | Volcano  | Entered a volcano
 15017 | Volcano  | Reached skill level 5 in Bows
 15143 | Volcano  | Reached skill level 6 in Bows
 15158 | Volcano  | Learned a level 1 spell: Apportation
 15161 | Volcano  | Learned a level 2 spell: Blink
 15165 | Volcano  | Learned a level 3 spell: Portal Projectile
 15235 | Volcano  | Reached skill level 7 in Bows
 15881 | Orc:3    | Found a staircase to the Elven Halls.
 16031 | Orc:3    | Reached skill level 3 in Necromancy
 16329 | Orc:3    | You fall through a shaft!
 16329 | Orc:4    | Entered Level 4 of the Orcish Mines
 16329 | Orc:4    | Noticed a stone giant
 16384 | Orc:4    | Found a roughly hewn altar of Beogh.
 17359 | Orc:4    | Reached skill level 4 in Necromancy
 17366 | Orc:4    | Noticed an orc warlord
 17366 | Orc:4    | Found a roughly hewn altar of Beogh.
 17366 | Orc:4    | Found Kolecer's Antique Weapon Shop.
 17413 | Orc:4    | Found a roughly hewn altar of Beogh.
 17432 | Orc:4    | Noticed an orc high priest
 17439 | Orc:4    | Killed an orc high priest
 17453 | Orc:4    | Found Wioseit's Armour Emporium.
 17459 | Orc:4    | Bought the +4 robe of Night {+Inv MR+ SInv Stlth+} for 851 gold pieces
 17604 | Orc:3    | Reached skill level 2 in Translocations
 17604 | Orc:3    | Reached XP level 13. HP: 56/89 MP: 17/17
 17804 | Orc:2    | Found Fyfig's Food Boutique.
 17948 | Orc:1    | Reached skill level 3 in Translocations
 18389 | D:11     | Reached skill level 4 in Translocations
 18517 | D:10     | Noticed Maurice
 18527 | D:10     | Killed Maurice
 18564 | D:10     | HP: 22/89 [poisoned by Maurice]
 18569 | D:10     | HP: 22/89 [poisoned by Maurice]
 18576 | D:10     | HP: 21/89 [poisoned by Maurice]
 18584 | D:10     | HP: 21/89 [poisoned by Maurice]
 18907 | D:10     | Reached skill level 5 in Translocations
 18989 | D:10     | Reached skill level 5 in Necromancy
 19276 | D:10     | Found Ympuahust's Antique Weapon Shop.
 19535 | D:10     | Gained mutation: Scrolls take you a little longer to read. [potion of mutation]
 19599 | D:10     | Reached skill level 6 in Necromancy
 20396 | D:11     | Found a roughly hewn altar of Beogh.
 20676 | D:11     | Reached skill level 7 in Necromancy
 21597 | D:12     | Reached skill level 8 in Necromancy
 21633 | D:12     | HP: 10/89 [orc warrior/glaive (20)]
 21987 | D:12     | Noticed Azrael
 22298 | D:12     | Found a stormy altar of Qazlal.
 22418 | D:12     | Reached skill level 9 in Necromancy
 22458 | D:12     | HP: 22/89 [jelly (3)]
 22460 | D:12     | HP: 5/89 [acid (6)]
 22949 | D:12     | Killed from afar by Azrael

Vault maps used:
D:1:      eino_arrival_cavern_e, kennysheep_minor_cross
D:2:      grunt_dithmenos_smoke, old_standard_altar
D:3:      wad_lake_hut, cheibrodos_ashenzari_chains, nemelex_deck,
          okawaru_trees_1, roderic_lattice_a
D:4:      good_gods_mini_temple
D:5:      kennysheep_mini, gammafunk_temple_overflow_wave,
          minmay_temple_entry_nine_rooms, first_bread, serial_shops,
          nicolae_shop_waterfront, uniq_crazy_yiuf_cottage
D:6:      kennysheep_generic_room_4, uniq_sigmund, uniq_duvessa
D:7:      grunt_temple_overflow_open, serial_glass, glass_columns_b,
          glass_columns_b, glass_columns_a, glass_columns_b, glass_columns_b,
          glass_columns_a, glass_columns_a, glass_columns_a, uniq_menkaure
D:8:      david_lair_generic, serial_shops, shop, uniq_grum
D:9:      lemuel_upstairs_altar, uniq_erolcha
D:10:     serial_shops, nicolae_shop_overgrown_old_shop, uniq_maurice
D:11:     special_room
D:12:     special_room, hangedman_little_slice_of_home,
          nicolae_qazlal_eye_of_the_storm, uniq_azrael
D:13:     david_vaults_4, spider_trap
Lair:1:   lemuel_another_geyser, uniq_gastronok
Lair:2:   special_room, st_stairs_12, serial_bayou_shore_a,
          infiniplex_staircase_pool_2
Lair:3:   minmay_shoals_entry_beasts, lab_entry_generic, lemuel_fruit_fields,
          uniq_sonja, uniq_snorg
Orc:1:    mines2_david
Orc:2:    minmay_goldmine, special_room, serial_shops, nicolae_shop_crystal,
          minmay_orc_keep
Orc:3:    enter_volcano_1, nicolae_orc_pool_cavern
Orc:4:    grunt_orc_community_town_hall, grunt_orc_community_big_house_2,
          grunt_orc_community_big_house_1, grunt_orc_community_house_3,
          grunt_orc_community_house_2, grunt_orc_community_house_1,
          grunt_orc_community_house_1, basic_altar
Lab:      labyrinth_watery, nicolae_lab_grate_2, nicolae_lab_do_over,
          labyrinth_skeletal_remains, labyrinth_fake_exit
Volcano:  volcano_bunker

Action                   |  1- 3 |  4- 6 |  7- 9 | 10-12 | 13-15 || total
-------------------------+-------+-------+-------+-------+-------++-------
Melee: Dagger            |   121 |    71 |   211 |   123 |       ||   526
       Quick blade       |       |       |       |  1133 |   614 ||  1747
 Fire: Blowgun           |     7 |    40 |    57 |    57 |       ||   161
       Shortbow          |       |       |       |   200 |   242 ||   442
 Cast: Apportation       |       |       |       |       |     3 ||     3
       Blink             |       |       |       |       |     2 ||     2
Invok: Shadow Step       |       |       |       |     6 |     1 ||     7
Evoke: Wand              |       |       |       |     4 |     1 ||     5
  Use: Scroll            |       |     4 |     8 |    25 |     3 ||    40
       Potion            |       |       |     7 |     3 |     6 ||    16
 Stab: Sleeping          |     9 |     9 |    34 |    66 |    26 ||   144
       Distracted        |       |     2 |     1 |     9 |     7 ||    19
       Fleeing           |       |       |       |     2 |       ||     2
  Eat: Chunk             |     1 |     5 |    15 |    16 |     9 ||    46
       Meat ration       |       |       |       |     3 |     2 ||     5
       Pizza             |       |       |       |     1 |       ||     1
       Beef jerky        |       |       |       |     1 |       ||     1
       Fruit             |       |       |       |     5 |       ||     5
       Bread ration      |       |       |       |     1 |       ||     1

Vault maps used:
D:1:      eino_arrival_cavern_e, kennysheep_minor_cross
D:2:      grunt_dithmenos_smoke, old_standard_altar
D:3:      wad_lake_hut, cheibrodos_ashenzari_chains, nemelex_deck,
          okawaru_trees_1, roderic_lattice_a
D:4:      good_gods_mini_temple
D:5:      kennysheep_mini, gammafunk_temple_overflow_wave,
          minmay_temple_entry_nine_rooms, first_bread, serial_shops,
          nicolae_shop_waterfront, uniq_crazy_yiuf_cottage
D:6:      kennysheep_generic_room_4, uniq_sigmund, uniq_duvessa
D:7:      grunt_temple_overflow_open, serial_glass, glass_columns_b,
          glass_columns_b, glass_columns_a, glass_columns_b, glass_columns_b,
          glass_columns_a, glass_columns_a, glass_columns_a, uniq_menkaure
D:8:      david_lair_generic, serial_shops, shop, uniq_grum
D:9:      lemuel_upstairs_altar, uniq_erolcha
D:10:     serial_shops, nicolae_shop_overgrown_old_shop, uniq_maurice
D:11:     special_room
D:12:     special_room, hangedman_little_slice_of_home,
          nicolae_qazlal_eye_of_the_storm, uniq_azrael
D:13:     david_vaults_4, spider_trap
Lair:1:   lemuel_another_geyser, uniq_gastronok
Lair:2:   special_room, st_stairs_12, serial_bayou_shore_a,
          infiniplex_staircase_pool_2
Lair:3:   minmay_shoals_entry_beasts, lab_entry_generic, lemuel_fruit_fields,
          uniq_sonja, uniq_snorg
Orc:1:    mines2_david
Orc:2:    minmay_goldmine, special_room, serial_shops, nicolae_shop_crystal,
          minmay_orc_keep
Orc:3:    enter_volcano_1, nicolae_orc_pool_cavern
Orc:4:    grunt_orc_community_town_hall, grunt_orc_community_big_house_2,
          grunt_orc_community_big_house_1, grunt_orc_community_house_3,
          grunt_orc_community_house_2, grunt_orc_community_house_1,
          grunt_orc_community_house_1, basic_altar
Lab:      labyrinth_watery, nicolae_lab_grate_2, nicolae_lab_do_over,
          labyrinth_skeletal_remains, labyrinth_fake_exit
Volcano:  volcano_bunker

Table legend:
 A = Turns spent in this place as a percentage of turns spent in the entire game.
 B = Non-inter-level travel turns spent in this place as a percentage of non-inter-level travel turns spent in the entire game.
 C = Inter-level travel turns spent in this place as a percentage of turns spent in this place.
 D = Turns resting spent in this place as a percentage of non-inter-level travel turns spent in this place.
 E = Turns spent auto-exploring this place as a percentage of non-inter-level travel turns spent in this place.
 F = Non-inter-level travel turns spent in this place divided by the number of levels of this place that you've seen.
                   A       B       C       D       E      F
               +-------+-------+-------+-------+-------+----------------------
         Total | 100.0 | 100.0 |   0.3 |   2.2 |   6.8 | 389.1
       Dungeon |  58.8 |  58.8 |   0.4 |   2.0 |   7.7 | 387.3
          Lair |  12.6 |  12.6 |   0.0 |   2.7 |   2.4 | 360.0
  Orcish Mines |  21.9 |  21.8 |   0.5 |   2.1 |   8.0 | 467.0
     Labyrinth |   4.0 |   4.1 |   0.0 |   0.6 |   0.0 | 347.0
       Volcano |   2.7 |   2.7 |   0.0 |   6.9 |   6.5 | 231.0
               +-------+-------+-------+-------+-------+----------------------

Table legend:
 A = Kills in this place as a percentage of kills in entire the game.
 B = Kills by you in this place as a percentage of kills by you in the entire game.
 C = Kills by friends in this place as a percentage of kills by friends in the entire game.
 D = Other kills in this place as a percentage of other kills in the entire game.
 E = Experience gained in this place as a percentage of experience gained in the entire game.
 F = Experience gained in this place divided by the number of levels of this place that you have seen.
                   A       B       C       D       E      F
               +-------+-------+-------+-------+-------+----------------------
         Total | 100.0 | 100.0 |  -nan |  -nan | 100.0 | 2039.6
       Dungeon |  56.5 |  56.5 |  -nan |  -nan |  59.4 | 2050.1
          Lair |   8.3 |   8.3 |  -nan |  -nan |  16.2 | 2416.3
  Orcish Mines |  33.2 |  33.2 |  -nan |  -nan |  17.0 | 1905.0
     Labyrinth |   0.6 |   0.6 |  -nan |  -nan |   1.6 | 714.0
       Volcano |   1.3 |   1.3 |  -nan |  -nan |   5.9 | 2638.0
               +-------+-------+-------+-------+-------+----------------------
